 Dungeon Sprint DCSS version 0.23-a0-586-gacb4b3f (webtiles) character file.

448 JosiahThimblerig the Fighter (level 7, 0/70 HPs)
             Began as a Hill Orc Fighter on Dec 18, 2018.
             Was an Initiate of Vehumet.
             Asphyxiated
             ... in the Dungeon (Sprint I: "Red Sonja").
             The game lasted 00:06:35 (347 turns).

JosiahThimblerig the Fighter (Hill Orc Fighter)      Turns: 347, Time: 00:06:38

Health: 0/70       AC:  9    Str: 19    XL:     7   Next: 3%
Magic:  7/7        EV:  8    Int: 10    God:    Vehumet [......]
Gold:   198        SH: 11    Dex: 10    Spells: 6/6 levels left

rFire    . . .     SeeInvis .   a - +0 war axe
rCold    . . .     Gourm    .   c - +0 shield
rNeg     . . .     Faith    .   b - +0 scale mail
rPois    .         Spirit   .   r - +0 helmet
rElec    .         Reflect  .   (no cloak)
rCorr    .         Harm     .   (no gloves)
MR       .....     NoTele   +   (no boots)
Stlth    ..........             (no amulet)
HPRegen  0.21/turn              (no ring)
MPRegen  0.10/turn              (no ring)

@: lethally poisoned (0 -> -6), very slightly contaminated, hasted and slowed
A: no striking features
a: Renounce Religion


You were in the Dungeon.
You worshipped Vehumet.
Vehumet was noncommittal.
You were not hungry.

You visited 1 branch You collected 297 gold pieces.
You spent 99 gold pieces at shops.

Inventory:

Hand Weapons
 a - a +0 war axe (weapon)
 d - a +0 scythe
 n - a +0 giant club
 q - a +0 whip
Armour
 b - a +0 scale mail (worn)
 c - a +0 shield (worn)
 m - a +0 leather armour
 o - a +2 robe of resistance
 r - a +0 helmet (worn)
Wands
 l - a wand of random effects (15)
Potions
 h - a potion of haste
 i - 2 potions of magic
 j - 3 potions of berserk rage
Comestibles
 f - a ration
 p - 9 chunks of flesh


   Skills:
 + Level 9.6 Fighting
 + Level 9.4 Axes
 + Level 9.2 Armour
 + Level 0.6 Dodging
 + Level 8.1 Shields


You had 6 spell levels left.
You didn't know any spells.
Your spell library was empty.

Dungeon Overview and Level Annotations

Branches:
Dungeon (1/1)

Altars:
Cheibriados
Dithmenos
Elyvilon
Fedhas
Gozag
Hepliaklqana
Kikubaaqudgha
Nemelex Xobeh
Okawaru
Qazlal
Ru
Sif Muna
Trog
Uskayaw
Vehumet
Wu Jian
Yredelemnul
Zin
The Shining One

Shops:
D [

Annotations:
D Sonja


Message History

Aim: Sonja, wielding a +2 short sword of distortion and carrying a wand of Sonja flickers and vanishes!
Deactivating autopickup; reactivate with Ctrl-A.
Something hits you but does no damage.
You feel a strange sense of stasis. Something hits you.
* * * LOW HITPOINT WARNING * * *
Space bends around you.
* * * LOW HITPOINT WARNING * * *
Something hits you but does no damage. Space bends around you.
* * * LOW HITPOINT WARNING * * *
That item cannot be evoked!
Blink to where?
Press: ? - help, Dir - move target cursor You are very lightly contaminated with residual magic.
As you read the scroll of blinking, it crumbles to dust.
A curare-tipped needle appears from out of thin air!
The curare-tipped needle hits you.
You are poisoned.
You have difficulty breathing.
You die...

################
#<.#..'÷.#.÷'..#
#..').#..'..#..+
#..#####'#####'#
#..####..#...#.#
#..#__####.(##.#
#..#_____##'#_.+
#⌠⌠#_.∩...÷.@._#
####_..__##_.#'#
#_____###§#.#
####### #{###
$.$ #$.$# ##.##
#+#


There were no monsters in sight!

Vanquished Creatures
  Sigmund (D)
  A yak (D)
  An ogre (D)
  A jelly (D)
  Ijyb (D)
5 creatures vanquished.

Notes
Turn   | Place    | Note
-------+----------+-------------------------------------------
     0 | D        | JosiahThimblerig the Hill Orc Fighter began the quest for
                  | the Orb.
     0 | D        | Reached XP level 1. HP: 19/19 MP: 1/1
     2 | D        | Noticed Ijyb
    13 | D        | Killed Ijyb
    13 | D        | Reached skill level 5 in Fighting
    13 | D        | Reached XP level 2. HP: 27/29 MP: 2/2
    13 | D        | Reached XP level 3. HP: 34/36 MP: 3/3
    21 | D        | Noticed an ogre
    25 | D        | Killed an ogre
    25 | D        | Reached skill level 5 in Axes
    25 | D        | Reached XP level 4. HP: 27/45 MP: 4/4
   254 | D        | Noticed Sigmund
   263 | D        | Killed Sigmund
   263 | D        | Reached XP level 5. HP: 42/56 MP: 5/5
   263 | D        | Reached XP level 6. HP: 47/62 MP: 6/6
   278 | D        | Found an ornate altar of the Wu Jian Council.
   278 | D        | Found a deep blue altar of Sif Muna.
   280 | D        | Found a radiant altar of Vehumet.
   297 | D        | Became a worshipper of Vehumet
   312 | D        | Found Cyjoh's Antique Armour Emporium.
   312 | D        | Found an ancient bone altar of Kikubaaqudgha.
   312 | D        | Found a hazy altar of Hepliaklqana.
   312 | D        | Found a hide-covered altar of Uskayaw.
   312 | D        | Found a basalt altar of Yredelemnul.
   312 | D        | Found an opulent altar of Gozag.
   312 | D        | Found a snail-covered altar of Cheibriados.
   312 | D        | Found a sacrificial altar of Ru.
   312 | D        | Found a shadowy altar of Dithmenos.
   312 | D        | Noticed a yak
   318 | D        | Killed a yak
   318 | D        | Reached XP level 7. HP: 53/70 MP: 7/7
   319 | D        | Found a stormy altar of Qazlal.
   319 | D        | Found a blossoming altar of Fedhas.
   319 | D        | Found a bloodstained altar of Trog.
   319 | D        | Found an iron altar of Okawaru.
   319 | D        | Found a glowing golden altar of the Shining One.
   319 | D        | Found a glowing silver altar of Zin.
   319 | D        | Found a white marble altar of Elyvilon.
   320 | D        | Found a sparkling altar of Nemelex Xobeh.
   324 | D        | Bought a helmet for 99 gold pieces
   336 | D        | Noticed Sonja
   347 | D        | Asphyxiated

Vault maps used:
D:        dungeon_sprint_1

Skill      XL: |  1  2  3  4  5  6 |
---------------+-------------------+-----
Fighting       | 5 6 8 9 |  9.6
Axes           | 3 5 7 9 |  9.4
Armour         | 4 6 8 9 |  9.2
Shields        | 4 6 7 8 |  8.1
Dodging        | |  0.6

Action                   |  1- 3 |  4- 6 |  7- 9 || total
-------------------------+-------+-------+-------++-------
Melee: War axe           |    15 |    14 |     3 ||    32
Evoke: Wand              |       |       |     3 ||     3
  Use: Potion            |       |     1 |     3 ||     4
       Scroll            |       |       |     1 ||     1
Armor: Scale mail        |     5 |     1 |    12 ||    18
Dodge: Dodged            |     4 |     5 |     5 ||    14
Block: Shield            |     6 |     5 |     5 ||    16

Table legend:
 A = Non-vault XP
 B = Vault XP
 C = Vault XP percentage of total XP
 D = Non-vault monster count
 E = Vault monster count
 F = Vault count percentage of total count
                 A         B        C        D         E       F
            +---------+---------+-------+---------+---------+-------
      Total |       0 |     640 | 100.0 |       0 |       5 | 100.0
            +---------+---------+-------+---------+---------+-------
          D |       0 |     640 | 100.0 |       0 |       5 | 100.0
            +---------+---------+-------+---------+---------+-------
